| TOP OF THE 1ST |
|
York Revolution batting - Pitching for New Jersey Devils : RHP Aaron Marcum
|
|
Pitching: RHP Aaron Marcum
|
|
|
Batting: LHB Mike Hawk
|
0-0: Ball 1-0: Ball 2-0: Ball 3-0: Swinging Strike 3-1: Foul Ball, location: 2F 3-2: Foul Ball, location: 2F 3-2: Strikes out swinging
|
|
Batting: LHB Bryant Dill
|
0-0: Ball 1-0: Ball 2-0: Ball 3-0: Base on Balls
|
|
Batting: RHB Eddie Serna
|
0-0: Ball 1-0: Swinging Strike 1-1: Ball 2-1: Grounds into double play, 6-4-3 (Groundball, 6S, EV 92.5 MPH)
|
| Top of the 1st over - 0 runs, 0 hits, 0 errors, 0 left on base; York 0 - New Jersey 0 |
| BOTTOM OF THE 1ST |
|
New Jersey Devils batting - Pitching for York Revolution : RHP Jordan Lopez
|
|
Pitching: RHP Jordan Lopez
|
|
|
Batting: RHB Eric Zylstra
|
0-0: Called Strike 0-1: Foul Ball, location: 2F 0-2: Ball 1-2: Ground out 6-3 (Groundball, 6S, EV 86.9 MPH)
|
|
Batting: RHB Sergio Andrada
|
0-0: Ball 1-0: Ball 2-0: Called Strike 2-1: Called Strike 2-2: Ball 3-2: Base on Balls
|
|
Batting: RHB Warren Carmichael
|
0-0: Called Strike 0-1: Ball 1-1: Grounds into double play, 4-6-3 (Groundball, 4, EV 85.0 MPH)
|
| Bottom of the 1st over - 0 runs, 0 hits, 0 errors, 0 left on base; York 0 - New Jersey 0 |
| TOP OF THE 2ND |
|
York Revolution batting - Pitching for New Jersey Devils : RHP Aaron Marcum
|
|
Batting: LHB Jean-Claude Vanbiesbrouck
|
0-0: Called Strike 0-1: Ball 1-1: Swinging Strike 1-2: Ball 2-2: Strikes out swinging
|
|
Batting: RHB Dan Shaffer
|
0-0: Ball 1-0: Ball 2-0: Ground out 4-3 (Groundball, 4, EV 87.5 MPH)
|
|
Batting: LHB Jason Duda
|
0-0: Fly out, F8 (Flyball, 8LM, EV 82.5 MPH)
|
| Top of the 2nd over - 0 runs, 0 hits, 0 errors, 0 left on base; York 0 - New Jersey 0 |
| BOTTOM OF THE 2ND |
|
New Jersey Devils batting - Pitching for York Revolution : RHP Jordan Lopez
|
|
Batting: RHB Jacob Olander
|
0-0: Foul Ball, location: 2F 0-1: SINGLE (Line Drive, 78S, EV 85.6 MPH)
|
|
Batting: LHB Rick Vallis
|
0-0: Called Strike 0-1: Fly out, F7 (Flyball, 7S, EV 80.0 MPH)
|
|
Batting: RHB Kyle Verkamp
|
0-0: Called Strike 0-1: Foul Ball, location: 2F 0-2: SINGLE (Flyball, 56D, EV 83.1 MPH) Jacob Olander to second
|
|
Batting: RHB Craig Alvarado
|
0-0: Called Strike 0-1: Ball 1-1: DOUBLE (Flyball, 8LD, EV 86.2 MPH) Jacob Olander scores Kyle Verkamp to third
|
|
Batting: SHB Ernesto Mazas
|
0-0: Ball 1-0: Called Strike 1-1: Swinging Strike 1-2: Strikes out swinging
|
|
Batting: LHB Matt Reynolds
|
0-0: Called Strike 0-1: Ball Wild Pitch! Kyle Verkamp scores Craig Alvarado to third 1-1: Ball 2-1: Ball 3-1: Called Strike 3-2: Base on Balls
|
|
Batting: RHB Eric Zylstra
|
0-0: Ground out 4-3 (Groundball, 4, EV 85.0 MPH)
|
| Bottom of the 2nd over - 2 runs, 3 hits, 0 errors, 2 left on base; York 0 - New Jersey 2 |
| TOP OF THE 3RD |
|
York Revolution batting - Pitching for New Jersey Devils : RHP Aaron Marcum
|
|
Batting: LHB Jessie Whedbee
|
0-0: Swinging Strike 0-1: Fly out, F8 (Flyball, 8RM, EV 90.0 MPH)
|
|
Batting: LHB Dennis French
|
0-0: Foul Ball, location: 2F 0-1: Ball 1-1: Ball 2-1: Ground out U3 (Groundball, 34S, EV 85.0 MPH)
|
|
Batting: LHB Quincy Smart
|
0-0: Ball 1-0: Ball 2-0: Ball 3-0: Base on Balls
|
|
Batting: LHB Mike Hawk
|
0-0: Swinging Strike 0-1: Swinging Strike 0-2: Strikes out swinging
|
| Top of the 3rd over - 0 runs, 0 hits, 0 errors, 1 left on base; York 0 - New Jersey 2 |
| BOTTOM OF THE 3RD |
|
New Jersey Devils batting - Pitching for York Revolution : RHP Jordan Lopez
|
|
Batting: RHB Sergio Andrada
|
0-0: Swinging Strike 0-1: Swinging Strike 0-2: Ball 1-2: Strikes out swinging
|
|
Batting: RHB Warren Carmichael
|
0-0: Ball 1-0: Called Strike 1-1: Fly out, F8 (Flyball, 8LM, EV 80.0 MPH)
|
|
Batting: RHB Jacob Olander
|
0-0: Fly out, F4 (Popup, 34S, EV 67.5 MPH)
|
| Bottom of the 3rd over - 0 runs, 0 hits, 0 errors, 0 left on base; York 0 - New Jersey 2 |
| TOP OF THE 4TH |
|
York Revolution batting - Pitching for New Jersey Devils : RHP Aaron Marcum
|
|
Batting: LHB Bryant Dill
|
0-0: Ball 1-0: Swinging Strike 1-1: Ball 2-1: Foul Ball, location: 2F 2-2: Fly out, F8 (Flyball, 8RD, EV 95.6 MPH)
|
|
Batting: RHB Eddie Serna
|
0-0: Ball 1-0: SINGLE (Line Drive, 7S, EV 93.8 MPH)
|
|
Batting: LHB Jean-Claude Vanbiesbrouck
|
0-0: Ball 1-0: Ball 2-0: Ball 3-0: Called Strike 3-1: Base on Balls Eddie Serna to second
|
|
Batting: RHB Dan Shaffer
|
0-0: Ball 1-0: Called Strike 1-1: Called Strike 1-2: Ball 2-2: Foul Ball, location: 2F 2-2: Ball 3-2: Base on Balls Eddie Serna to third Jean-Claude Vanbiesbrouck to second
|
|
Batting: LHB Jason Duda
|
0-0: Ball 1-0: Swinging Strike 1-1: Called Strike 1-2: Foul Ball, location: 2F 1-2: Fly out, F8 (Flyball, 8RXD, EV 98.1 MPH) Runner from 3rd tags up, SCORES, no throw by CF
|
|
Batting: LHB Jessie Whedbee
|
0-0: Swinging Strike 0-1: Ball 1-1: Ball 2-1: Foul Ball, location: 2F 2-2: Foul Ball, location: 2F 2-2: Strikes out swinging
|
| Top of the 4th over - 1 run, 1 hit, 0 errors, 2 left on base; York 1 - New Jersey 2 |
| BOTTOM OF THE 4TH |
|
New Jersey Devils batting - Pitching for York Revolution : RHP Jordan Lopez
|
|
Batting: LHB Rick Vallis
|
0-0: Ground out 4-3 (Groundball, 4, EV 100.6 MPH)
|
|
Batting: RHB Kyle Verkamp
|
0-0: Called Strike 0-1: Ball 1-1: Called Strike 1-2: Ball 2-2: Ball 3-2: Base on Balls
|
|
Batting: RHB Craig Alvarado
|
0-0: Ball 1-0: Called Strike 1-1: Ground out U3 (Groundball, 3S, EV 66.2 MPH) Kyle Verkamp to second
|
|
Batting: SHB Ernesto Mazas
|
0-0: Called Strike 0-1: Ball 1-1: Foul Ball, location: 2F 1-2: Ball 2-2: 2-RUN HOME RUN (Flyball, 9D, EV 95.6 MPH), Distance : 353 ft
|
|
Batting: LHB Matt Reynolds
|
0-0: Ground out U3 (Groundball, 3, EV 80.0 MPH)
|
| Bottom of the 4th over - 2 runs, 1 hit, 0 errors, 0 left on base; York 1 - New Jersey 4 |
| TOP OF THE 5TH |
|
York Revolution batting - Pitching for New Jersey Devils : RHP Aaron Marcum
|
|
Batting: LHB Dennis French
|
0-0: Fly out, F8 (Flyball, 8LXD, EV 102.5 MPH)
|
|
Batting: LHB Quincy Smart
|
0-0: Ball 1-0: Ball 2-0: Called Strike 2-1: Ball 3-1: Base on Balls
|
|
Batting: LHB Mike Hawk
|
0-0: Ball Quincy Smart is caught stealing 2nd base 2-6 1-0: Foul Ball, location: 2F 1-1: Swinging Strike 1-2: Foul Ball, location: 2F 1-2: Ball 2-2: Foul Ball, location: 2F 2-2: Strikes out swinging
|
| Top of the 5th over - 0 runs, 0 hits, 0 errors, 0 left on base; York 1 - New Jersey 4 |
| BOTTOM OF THE 5TH |
|
New Jersey Devils batting - Pitching for York Revolution : RHP Jordan Lopez
|
|
Batting: RHB Eric Zylstra
|
0-0: Ball 1-0: Foul Ball, location: 2F 1-1: Fly out, F9 (Flyball, 9D, EV 89.4 MPH)
|
|
Batting: RHB Sergio Andrada
|
0-0: Foul Ball, location: 2F 0-1: Foul Ball, location: 2F 0-2: Ball 1-2: Fly out, F7 (Line Drive, 7, EV 85.6 MPH)
|
|
Batting: RHB Warren Carmichael
|
0-0: Ball 1-0: Called Strike 1-1: Called Strike 1-2: Foul Ball, location: 2F 1-2: Foul Ball, location: 2F 1-2: SOLO HOME RUN (Flyball, 7LD, EV 94.4 MPH), Distance : 355 ft
|
|
Batting: RHB Jacob Olander
|
0-0: Foul Ball, location: 2F 0-1: Ball 1-1: Called Strike 1-2: Ball 2-2: Ball 3-2: Foul Ball, location: 2F 3-2: Fly out, F6 (Popup, 6, EV 57.5 MPH)
|
| Bottom of the 5th over - 1 run, 1 hit, 0 errors, 0 left on base; York 1 - New Jersey 5 |
| TOP OF THE 6TH |
|
York Revolution batting - Pitching for New Jersey Devils : RHP Aaron Marcum
|
|
Batting: LHB Bryant Dill
|
0-0: Ball 1-0: Fly out, F8 (Flyball, 89D, EV 99.4 MPH)
|
|
Batting: RHB Eddie Serna
|
0-0: Fly out, F6 (Line Drive, 6, EV 72.5 MPH)
|
|
Batting: LHB Jean-Claude Vanbiesbrouck
|
0-0: Ground out 3-1 (Groundball, 34, EV 105.6 MPH)
|
| Top of the 6th over - 0 runs, 0 hits, 0 errors, 0 left on base; York 1 - New Jersey 5 |
| BOTTOM OF THE 6TH |
|
New Jersey Devils batting - Pitching for York Revolution : RHP Jordan Lopez
|
|
Pitching: RHP George Crousse
|
|
|
Batting: LHB Rick Vallis
|
0-0: Ball 1-0: Ball 2-0: Ball 3-0: Base on Balls
|
|
Batting: RHB Kyle Verkamp
|
0-0: Called Strike 0-1: Ball 1-1: Ball 2-1: Ball 3-1: Base on Balls Rick Vallis to second
|
|
Batting: RHB Craig Alvarado
|
0-0: Called Strike 0-1: Called Strike 0-2: Foul Ball, location: 2F 0-2: Ball Wild Pitch! Rick Vallis to third Kyle Verkamp to second 1-2: Foul Ball, location: 2F 1-2: Ball 2-2: Ball 3-2: Foul Ball, location: 2F 3-2: Foul Ball, location: 2F 3-2: Foul Ball, location: 2F 3-2: Base on Balls
|
|
Batting: SHB Ernesto Mazas
|
0-0: Ball 1-0: Foul Ball, location: 2F 1-1: Fielders Choice at 2nd, 6-4 (Groundball, 6, EV 88.8 MPH) Rick Vallis scores Kyle Verkamp to third
|
|
Batting: LHB Matt Reynolds
|
0-0: Ball 1-0: Grounds into double play, 3-6-3 (Groundball, 3, EV 88.1 MPH)
|
| Bottom of the 6th over - 1 run, 0 hits, 0 errors, 1 left on base; York 1 - New Jersey 6 |
| TOP OF THE 7TH |
|
York Revolution batting - Pitching for New Jersey Devils : RHP Aaron Marcum
|
|
Batting: RHB Dan Shaffer
|
0-0: Called Strike 0-1: Ball 1-1: Fly out, F7 (Flyball, 7LM, EV 101.2 MPH)
|
|
Batting: LHB Jason Duda
|
0-0: Ball 1-0: Ball 2-0: Ball 3-0: Called Strike 3-1: Base on Balls
|
|
Batting: LHB Jessie Whedbee
|
0-0: Ball 1-0: Ball 2-0: Ball 3-0: Called Strike 3-1: Called Strike 3-2: Fly out, F7 (Flyball, 7D, EV 94.4 MPH)
|
|
Batting: LHB Dennis French
|
0-0: Called Strike 0-1: Ball 1-1: Ball Wild Pitch! Jason Duda to second 2-1: Ball 3-1: Base on Balls
|
|
Batting: LHB Quincy Smart
|
0-0: Fly out, F8 (Flyball, 8LM, EV 93.1 MPH)
|
| Top of the 7th over - 0 runs, 0 hits, 0 errors, 2 left on base; York 1 - New Jersey 6 |
| BOTTOM OF THE 7TH |
|
New Jersey Devils batting - Pitching for York Revolution : RHP George Crousse
|
|
Batting: RHB Eric Zylstra
|
0-0: Ball 1-0: SINGLE (Flyball, 56D, EV 91.2 MPH)
|
|
Batting: RHB Sergio Andrada
|
0-0: Ball 1-0: Swinging Strike 1-1: Ball 2-1: Foul Ball, location: 2F 2-2: Foul Ball, location: 2F 2-2: Ball 3-2: Base on Balls Eric Zylstra to second
|
|
Batting: RHB Warren Carmichael
|
0-0: Ball 1-0: Foul Ball, location: 2F 1-1: Fly out, F8 (Flyball, 8RD, EV 99.4 MPH)
|
|
Batting: RHB Jacob Olander
|
0-0: Foul Ball, location: 2F 0-1: Ball 1-1: Ball 2-1: Called Strike 2-2: SINGLE (Line Drive, 7LS, EV 94.4 MPH) Eric Zylstra to third Sergio Andrada to second
|
|
Pitching: LHP Dan Luckhardt
|
|
|
Batting: LHB Rick Vallis
|
0-0: Ball 1-0: Called Strike 1-1: Ball 2-1: Grounds into double play, 4-6-3 (Groundball, 34D, EV 88.8 MPH)
|
| Bottom of the 7th over - 0 runs, 2 hits, 0 errors, 2 left on base; York 1 - New Jersey 6 |
| TOP OF THE 8TH |
|
York Revolution batting - Pitching for New Jersey Devils : RHP Aaron Marcum
|
|
Batting: LHB Mike Hawk
|
0-0: Ground out U3 (Groundball, 34S, EV 68.1 MPH)
|
|
Batting: LHB Bryant Dill
|
0-0: Ball 1-0: Foul Ball, location: 2F 1-1: Ball 2-1: SINGLE (Groundball, 4, EV 102.5 MPH)
|
|
Pitching: RHP Antonio Reyes
|
|
|
Batting: RHB Eddie Serna
|
0-0: Called Strike 0-1: Ball Wild Pitch! Bryant Dill to second 1-1: Swinging Strike 1-2: Ball 2-2: Strikes out swinging
|
|
Batting: LHB Jean-Claude Vanbiesbrouck
|
0-0: Ball 1-0: Foul Ball, location: 2F 1-1: Ball 2-1: Foul Ball, location: 2F 2-2: Ball 3-2: Foul Ball, location: 2F 3-2: Fly out, F9 (Flyball, 89M, EV 88.1 MPH)
|
| Top of the 8th over - 0 runs, 1 hit, 0 errors, 1 left on base; York 1 - New Jersey 6 |
| BOTTOM OF THE 8TH |
|
New Jersey Devils batting - Pitching for York Revolution : LHP Dan Luckhardt
|
|
Pitching: RHP Takuzo Sato
|
|
|
Batting: RHB Kyle Verkamp
|
0-0: Called Strike 0-1: Ball 1-1: Ball 2-1: Ball 3-1: Foul Ball, location: 2F 3-2: Foul Ball, location: 2F 3-2: Strikes out swinging
|
|
Batting: RHB Craig Alvarado
|
0-0: Ground out 5-3 (Groundball, 56, EV 96.2 MPH)
|
|
Batting: SHB Ernesto Mazas
|
0-0: Ball 1-0: Ball 2-0: Called Strike 2-1: Ball 3-1: Base on Balls
|
|
Batting: LHB Matt Reynolds
|
0-0: Called Strike 0-1: Ball 1-1: 2-RUN HOME RUN (Flyball, 9D, EV 93.8 MPH), Distance : 366 ft
|
|
Batting: RHB Eric Zylstra
|
0-0: Ball 1-0: Foul Ball, location: 2F 1-1: Ground out 4-3 (Groundball, 4, EV 106.2 MPH)
|
| Bottom of the 8th over - 2 runs, 1 hit, 0 errors, 0 left on base; York 1 - New Jersey 8 |
| TOP OF THE 9TH |
|
York Revolution batting - Pitching for New Jersey Devils : RHP Antonio Reyes
|
|
Pinch Hitting: LHB Ryan Young
|
0-0: Ball 1-0: Ball 2-0: Foul Ball, location: 2F 2-1: Foul Ball, location: 2F 2-2: Ball 3-2: Fly out, F7 (Flyball, 7LS, EV 92.5 MPH)
|
|
Batting: LHB Jason Duda
|
0-0: Ball 1-0: Ball 2-0: Ball 3-0: Foul Ball, location: 2F 3-1: Base on Balls
|
|
Batting: LHB Jessie Whedbee
|
0-0: Ball 1-0: 2-RUN HOME RUN (Flyball, 9LD, EV 92.5 MPH), Distance : 351 ft
|
|
Batting: LHB Dennis French
|
0-0: Swinging Strike 0-1: Called Strike 0-2: SINGLE (Popup, 3D, EV 58.1 MPH)
|
|
Batting: LHB Quincy Smart
|
0-0: Foul Ball, location: 2F 0-1: Foul Ball, location: 2F 0-2: Ball 1-2: Ball 2-2: Foul Ball, location: 2F 2-2: Strikes out swinging
|
|
Pinch Hitting: SHB Sam Fredrick
|
0-0: Ball 1-0: Called Strike 1-1: Foul Ball, location: 2F 1-2: Ball 2-2: Ball 3-2: Base on Balls Dennis French to second
|
|
Batting: LHB Bryant Dill
|
0-0: Ball 1-0: Foul Ball, location: 2F 1-1: Called Strike 1-2: Ball 2-2: Foul Ball, location: 2F 2-2: Foul Ball, location: 2F 2-2: Fly out, F9 (Flyball, 89M, EV 88.1 MPH)
|
| Top of the 9th over - 2 runs, 2 hits, 0 errors, 2 left on base; York 3 - New Jersey 8 |
|